 Dungeon Crawl Stone Soup version 0.22.1-6-g1668fe2 (webtiles) character file.

84 Tiagovsky the Digger (level 4, -2/26 HPs)
             Began as a Gargoyle Earth Elementalist on Jan 19, 2019.
             Slain by Terence
             ... wielding a +3 mace of venom
              (6 damage)
             ... on level 2 of the Dungeon.
             The game lasted 00:10:32 (2187 turns).

Tiagovsky the Digger (Gargoyle Earth Elementalist)  Turns: 2187, Time: 00:10:33

Health: -2/26      AC:  5    Str: 11    XL:     4   Next: 46%
Magic:  0/8        EV: 11    Int: 17    God:
Gold:   81         SH:  3    Dex: 10    Spells: 2/8 levels left

rFire    . . .     SeeInvis .   w - +2 dagger (speed)
rCold    . . .     Gourm    .   h - +0 buckler
rNeg     + . .     Faith    .   c - +0 robe
rPois    ∞         Spirit   .   (no helmet)
rElec    +         Reflect  .   (no cloak)
rCorr    .         Harm     .   (no gloves)
MR       .....                  (no boots)
Stlth    ++........             (no amulet)
HPRegen  0.08/turn              (no ring)
MPRegen  0.11/turn              (no ring)

@: no status effects
A: negative energy resistance 1, electricity resistance, unbreathing,
petrification resistance, rot immunity, AC +3
a: no special abilities


You were on level 2 of the Dungeon.
You were not hungry.

You visited 1 branch of the dungeon, and saw 2 of its levels.

You collected 81 gold pieces.

Inventory:

Hand Weapons
 q - a +0 hunting sling
 w - a +2 dagger of speed (weapon)
Missiles
 b - 117 stones (quivered)
 p - 9 sling bullets
Armour
 c - a +0 robe (worn)
 h - a +0 buckler (worn)
Scrolls
 g - a scroll of enchant weapon {unknown}
 i - a scroll of immolation {unknown}
 k - 2 scrolls of enchant armour {unknown}
 m - a scroll of remove curse {unknown}
 o - a scroll of identify {unknown}
Potions
 a - a potion of berserk rage {unknown}
 e - 3 potions of degeneration {unknown}
 f - 3 potions of brilliance {unknown}
 j - a potion of cancellation {unknown}
 n - a potion of curing {unknown}
Comestibles
 d - 8 rations
 l - a chunk of flesh


   Skills:
 + Level 2.2 Fighting
 - Level 1.5 Dodging
 - Level 2.1 Stealth
 + Level 0.3 Shields
 + Level 2.9 Spellcasting
 - Level 0.7 Transmutations
 + Level 4.6 Earth Magic


You had 2 spell levels left.
You knew the following spells:

 Your Spells              Type           Power        Failure   Level  Hunger
a - Sandblast             Erth           ###...       4%          1    #......
b - Stone Arrow           Conj/Erth      ##....       32%         3    ###....
c - Passwall              Tmut/Erth      ##......     14%         2    ##.....

Your spell library contained the following spells:

 Spells                   Type           Power        Failure   Level  Hunger
 Petrify                  Tmut/Erth      ##......     67%         4    #####..
 Lee's Rapid Deconstruct  Erth           ###.......   75%         5    ######.


Dungeon Overview and Level Annotations

Branches:
Dungeon (2/15)

Altars:
Kikubaaqudgha
Makhleb
Okawaru

Annotations:
D:2 Terence


Innate Abilities, Weirdness & Mutations

You are resistant to torment.
Your stone body is resilient. (AC +3)
You are immune to poison.
You resist negative energy. (rN+)
You are resistant to electric shocks. (rElec)
You can survive without breathing.
You are immune to petrification.
You are immune to rotting.


Message History

Casting: Sandblast (safe; 4% risk of failure)
Confirm with . or Enter, or press ? or * to list all spells.
Aiming: Sandblast (safe; 4% risk of failure)
Press: ? - help, Shift-Dir - straight line, f/p - Terence
Aim: Terence, wielding a mace of venom and wearing a runed scale mail (almost The blast of sand hits Terence.
Terence is almost dead.
b - 118 stones You block Terence's attack.
There is a stone staircase leading down here.
Casting: Sandblast (safe; 4% risk of failure)
Confirm with . or Enter, or press ? or * to list all spells.
Aiming: Sandblast (safe; 4% risk of failure)
Press: ? - help, Shift-Dir - straight line, f/p - Terence
Aim: Terence, wielding a mace of venom and wearing a runed scale mail (almost The blast of sand hits Terence.
Terence is almost dead.
b - 117 stones Terence hits you with a mace of venom.
You die...

# # #### ...#
##### #### #...#
#### ###.# ...# ♣♣
#.# #### ♣. #@#
♣.♣♣ #@# ♣...♣ #.#
....♣ #.# ....#
#.# #####....# #.#
###.......# #.#
..†.##...## #.#
###<############.#


You could see Terence.

Vanquished Creatures
  A hound (D:1)
  An adder (D:2)
  An ooze (D:1)
  2 dart slugs (D:2)
  2 leopard geckos (D:2)
  2 giant cockroaches
  2 goblins (D:2)
  2 hobgoblins (D:1)
  4 jackals
  2 quokkas (D:2)
  7 bats
  2 frilled lizards (D:2)
  5 kobolds (D:2)
  2 rats (D:1)
35 creatures vanquished.

Notes
Turn   | Place    | Note
-------+----------+-------------------------------------------
     0 | D:1      | Tiagovsky the Gargoyle Earth Elementalist began the quest
                  | for the Orb.
     0 | D:1      | Reached XP level 1. HP: 10/10 MP: 3/3
   637 | D:1      | Reached skill level 1 in Fighting
   637 | D:1      | Reached XP level 2. HP: 16/16 MP: 0/5
  1085 | D:2      | Reached skill level 4 in Earth Magic
  1171 | D:1      | Reached XP level 3. HP: 8/21 MP: 1/6
  1502 | D:2      | Reached XP level 4. HP: 26/26 MP: 3/8
  1766 | D:2      | Learned a level 3 spell: Stone Arrow
  1840 | D:2      | Learned a level 2 spell: Passwall
  1879 | D:2      | Found an ancient bone altar of Kikubaaqudgha.
  1890 | D:2      | Found a burning altar of Makhleb.
  1898 | D:2      | Found an iron altar of Okawaru.
  2142 | D:2      | Noticed Terence
  2187 | D:2      | Slain by Terence

Skill      XL: |  1  2  3 |
---------------+----------+-----
Fighting       | 1 2 |  2.2
Earth Magic    | 4 |  4.6
Dodging        | |  1.5
Stealth        | |  2.1
Shields        | |  0.3
Spellcasting   | |  2.9
Transmutations | |  0.7

Action                   |  1- 3 |  4- 6 || total
-------------------------+-------+-------++-------
Melee: Dagger            |    50 |     4 ||    54
 Fire: Hunting sling     |       |    23 ||    23
 Cast: Sandblast         |    25 |    24 ||    49
 Stab: Sleeping          |     1 |       ||     1
  Eat: Chunk             |     2 |     2 ||     4
Armor: Robe              |    31 |     4 ||    35
Dodge: Dodged            |    50 |     9 ||    59
Block: Buckler           |       |     3 ||     3
